 Dungeon Crawl Stone Soup version 0.29.1-1-gd02db6906a (webtiles) character file.

Game seed: 628156607548464451

23853 AlexRAT the Fighter (level 12, 0/172 HPs)
             Began as a Minotaur Berserker on Oct 13, 2022.
             Was a High Priest of Trog.
             Succumbed to a cane toad's poison
             ... on level 1 of the Lair of Beasts.
             The game lasted 00:20:33 (15055 turns).

AlexRAT the Fighter (Minotaur Berserker)           Turns: 15055, Time: 00:20:34

Health: 0/172      AC: 16    Str: 25    XL:     12   Next: 75%
Magic:  11/11      EV: 16    Int:  4    God:    Trog [*****.]
Gold:   1061       SH:  0    Dex: 12    Spells: 11/11 levels left

rFire   . . .      SeeInvis +   q - +2 spear (flame)
rCold   + . .      Faith    .   (no shield)
rNeg    . . .      Spirit   .   P - +2 leather armour {rC+}
rPois   .          Reflect  .   K - +2 hat {SInv}
rElec   .          Harm     .   L - +0 cloak
rCorr   .          Rampage  .   y - +2 pair of gloves
Will    ++...                   e - +1 pair of boots
Stlth   ..........              (no amulet)
HPRegen 1.38/turn               (no ring)
MPRegen 0.12/turn               (no ring)

@: berserking, lethally poisoned (0 -> -5), strong-willed, regenerating, very
quick
A: horns 2, retaliatory headbutt
a: Renounce Religion, Berserk, Trog's Hand, Brothers in Arms


You were on level 1 of the Lair of Beasts.
You worshipped Trog.
Trog was extremely pleased with you.
You visited 3 branches of the dungeon, and saw 13 of its levels.

You collected 1061 gold pieces.

Inventory:

Hand Weapons
 a - a +0 hand axe
 q - a +2 spear of flaming (weapon)
Missiles
 N - a throwing net (quivered)
Armour
 b - a +0 animal skin
 e - a +1 pair of boots (worn)
 i - a +0 plate armour
 y - a +2 pair of gloves (worn)
 K - a +2 hat of see invisible (worn)
 L - a +0 cloak (worn)
 P - a +2 leather armour of cold resistance (worn)
Jewellery
 z - a ring of ice
 D - the ring "Ycaips" {+Blink Fly rPois rC+ Slay+3}
   (You found it on level 1 of the Lair of Beasts)

   [ring of flight]

   Slay:      It affects your accuracy & damage with ranged weapons and melee
   (+3).
   rC:        It protects you from cold.
   rPois:     It protects you from poison.
   Fly:       It grants you flight.
   +Blink:    It lets you blink.
 F - a ring of willpower
 T - a ring of poison resistance
Wands
 o - a wand of roots (12)
 s - a wand of quicksilver (23)
 w - a wand of flame (52)
 E - a wand of paralysis (6)
 G - a wand of polymorph (12)
 H - a wand of mindburst (5)
 S - a wand of digging (3)
Scrolls
 d - 4 scrolls of enchant armour
 f - 2 scrolls of fear
 g - 11 scrolls of teleportation
 h - a scroll of summoning
 k - a scroll of torment
 m - 2 scrolls of blinking
 r - 2 scrolls of magic mapping
 A - 2 scrolls of noise
 B - a scroll of enchant weapon
 C - a scroll of poison
Potions
 c - 4 potions of flight {unknown}
 j - 2 potions of lignification {unknown}
 l - 11 potions of mutation
 n - 4 potions of might {unknown}
 p - 6 potions of curing {unknown}
 t - a potion of brilliance {unknown}
 u - 2 potions of haste {unknown}
 v - a potion of heal wounds {unknown}
 x - a potion of magic {unknown}
 I - 4 potions of attraction {unknown}
 J - a potion of resistance {unknown}
 M - 2 potions of degeneration {unknown}
 O - 2 potions of invisibility {unknown}
 Q - a potion of cancellation {unknown}
 U - a potion of ambrosia {unknown}
Miscellaneous
 R - a phantom mirror


   Skills:
 + Level 13.4 Fighting
 + Level 13.4 Axes
 - Level 12.3 Armour
 - Level 11.4 Dodging
 * Level 5.0 Evocations


You had 11 spell levels left.
You didn't know any spells.
Your spell library was empty.

Dungeon Overview and Level Annotations

Branches:
Dungeon (11/15)            Temple (0/1) D:4            Lair (1/5) D:10
    Orc (1/2) D:10

Altars:
Ru

Shops:
D:11 :   Orc:1 *

Annotations:
D:4 2 transporters, kwasso's ghost, weakling GnDe
D:10 exclusion: obsidian statue


Innate Abilities, Weirdness & Mutations

You have a pair of horns on your head.
You reflexively headbutt those who attack you in melee.


Message History

The cane toad misses you. You furiously retaliate!
You headbutt the cane toad! The yak gores you!
* * * LOW HITPOINT WARNING * * *
The yak misses you.
You barely miss the cane toad.
The cane toad is almost dead.
You feel very sick.
Unknown command.
You puncture the cane toad! You burn the cane toad.
You kill the cane toad!
Trog accepts your kill.
You feel very sick. The yak closely misses you. The yak gores you!
* * * LOW HITPOINT WARNING * * *
You hit the yak. You burn the yak. You headbutt the yak. You punch the yak.
The yak is heavily wounded.
* * * LOW HITPOINT WARNING * * *
You feel sick.
You barely miss the yak. You headbutt the yak!
The yak is almost dead.
* * * LOW HITPOINT WARNING * * *
You feel sick.
You puncture the yak! You burn the yak.
You kill the yak!
Trog accepts your kill.
* * * LOW HITPOINT WARNING * * *
You feel sick. The yak completely misses you.
Your Evocations skill increases to level 5!
You impale the yak!! You burn the yak.
The yak is heavily wounded.
* * * LOW HITPOINT WARNING * * *
You feel sick.
You puncture the yak! You burn the yak. You headbutt the yak.
You kill the yak!
Trog accepts your kill.
* * * LOW HITPOINT WARNING * * *
You feel sick.
There is a lethal amount of poison in your body!
There is a lethal amount of poison in your body!
You die...

......# ....... .
#### .......
..##...##.......
................
................
.......†††......
........@.......
######.###.....
######.## ...
#.......# # .
#.......# .# .
.........##..#...
.. #


PP............... ...#. ##.......#....#... ..... #..##.......##..##... #. There
were no monsters in sight!

Vanquished Creatures
  Gastronok (D:8)
  Fannar (D:10)
  Erolcha (Orc:1)
  A boulder beetle (Lair:1)
  A hydra (D:11)
  A two-headed ogre (D:10)
  An orc high priest (Orc:1)
  Amaemon (D:9)
  An orc sorcerer (Orc:1)
  A cyclops (D:11)
  Maurice (D:8)
  A black mamba (Lair:1)
  Joseph (D:7)
  3 cane toads (Lair:1)
  An orange demon (D:9)
  2 unseen horrors (D:11)
  2 rime drakes (Lair:1)
  2 komodo dragons
  3 trolls
  3 blink frogs
  A shadow (D:10)
  2 wyverns
  A vampire (D:9)
  2 wraiths
  Grum (D:8)
  33 yaks
  Menkaure (D:6)
  A warg (Orc:1)
  An acid dragon (D:9)
  2 water moccasins (Lair:1)
  13 orc warriors
  2 ice beasts
  2 sky beasts
  7 ogres
  3 black bears
  3 centaurs
  6 wolves
  4 kobold brigands
  7 bullfrogs
  3 necrophages
  3 gnoll sergeants
  5 scorpions
  12 wights
  2 electric eels (D:10)
  3 howler monkeys (D:7)
  10 hounds
  A gnoll bouda (D:9)
  8 orc priests
  4 iguanas
  A jelly (D:6)
  Terence (D:3)
  9 orc wizards
  18 gnolls
  9 adders
  2 shadow imps
  2 white imps
  An ufetubus (D:6)
  3 worms
  A dart slug (D:1)
  49 orcs
  11 bats
  9 endoplasms
  2 giant cockroaches
  5 goblins
  5 hobgoblins
  2 jackals (D:3)
  2 quokkas
  6 ball pythons
  7 frilled lizards
  29 kobolds
  4 rats
350 creatures vanquished.

Vanquished Creatures (others)
  An orc (D:10)
  4 fungi (Lair:1)
  10 plants
15 creatures vanquished.

Grand Total: 365 creatures vanquished

Notes
Turn   | Place    | Note
-------+----------+-------------------------------------------
     0 | D:1      | AlexRAT the Minotaur Berserker began the quest for the Orb.
     0 | D:1      | Reached XP level 1. HP: 19/19 MP: 0/0
   269 | D:1      | Reached XP level 2. HP: 14/27 MP: 1/1
   597 | D:1      | Found a faded altar of an unknown god.
   799 | D:1      | Reached ** piety under Trog
   800 | D:1      | Reached XP level 3. HP: 30/33 MP: 2/2
  2352 | D:3      | Noticed a gnoll sergeant
  2362 | D:3      | Reached XP level 4. HP: 41/41 MP: 3/3
  2365 | D:3      | Killed a gnoll sergeant
  2368 | D:3      | Reached XP level 5. HP: 41/47 MP: 4/4
  2547 | D:3      | Noticed Terence
  2553 | D:3      | Killed Terence
  2697 | D:3      | Reached skill level 5 in Fighting
  3145 | D:4      | Reached skill level 5 in Axes
  3145 | D:4      | Reached XP level 6. HP: 44/56 MP: 5/5
  3300 | D:4      | Found a transporter.
  3353 | D:4      | Found a transporter.
  3358 | D:4      | Noticed kwasso's ghost (weakling GnDe)
  3556 | D:4      | Found a staircase to the Ecumenical Temple.
  3632 | D:5      | Entered Level 5 of the Dungeon
  3685 | D:5      | Reached skill level 5 in Armour
  3685 | D:5      | Reached XP level 7. HP: 32/62 MP: 6/6
  4067 | D:5      | Reached skill level 5 in Dodging
  4785 | D:5      | Reached XP level 8. HP: 71/71 MP: 7/7
  5086 | D:6      | Reached *** piety under Trog
  5340 | D:6      | Noticed Menkaure
  5540 | D:6      | Killed Menkaure
  6170 | D:7      | Reached XP level 9. HP: 81/81 MP: 8/8
  6427 | D:7      | Noticed Joseph
  6438 | D:7      | Killed Joseph
  6997 | D:8      | Reached **** piety under Trog
  7145 | D:8      | Noticed Grum
  7161 | D:8      | Killed Grum
  7508 | D:8      | Noticed Gastronok
  7521 | D:8      | Killed Gastronok
  7522 | D:8      | Reached XP level 10. HP: 93/93 MP: 9/9
  7578 | D:8      | Noticed Maurice
  7589 | D:8      | Killed Maurice
  7590 | D:8      | Reached skill level 10 in Fighting
  7738 | D:8      | Reached skill level 10 in Axes
  8080 | D:8      | Found a sacrificial altar of Ru.
  8480 | D:9      | Reached skill level 10 in Armour
  8792 | D:9      | Noticed Amaemon
  8792 | D:9      | Noticed an orange demon
  8810 | D:9      | Killed Amaemon
  8811 | D:9      | Reached XP level 11. HP: 101/101 MP: 10/10
  9047 | D:9      | Reached skill level 10 in Dodging
  9619 | D:10     | Entered Level 10 of the Dungeon
  9922 | D:10     | Found a staircase to the Lair.
 10101 | D:10     | Noticed an obsidian statue
 10334 | D:10     | Noticed a two-headed ogre
 10341 | D:10     | Killed a two-headed ogre
 10423 | D:10     | Noticed Fannar
 10441 | D:10     | Killed Fannar
 10974 | D:10     | Reached ***** piety under Trog
 11193 | D:10     | Found a staircase to the Orcish Mines.
 11505 | Orc:1    | Entered Level 1 of the Orcish Mines
 11547 | Orc:1    | Noticed Erolcha
 11627 | Orc:1    | Killed Erolcha
 11736 | Orc:1    | Noticed an orc high priest
 11787 | Orc:1    | Killed an orc high priest
 11788 | Orc:1    | Reached XP level 12. HP: 113/113 MP: 11/11
 11906 | Orc:1    | Found Eeruim's Eclectic Emporium.
 12936 | D:11     | Noticed a four-headed hydra
 12948 | D:11     | Killed a four-headed hydra
 12949 | D:11     | Reached skill level 1 in Evocations
 13366 | D:11     | Found Ahucwitt's Book Shoppe.
 13432 | Lair:1   | Entered Level 1 of the Lair of Beasts
 13733 | Lair:1   | Noticed a boulder beetle
 13994 | Lair:1   | Killed a boulder beetle
 14375 | Lair:1   | Identified the ring "Ycaips" {+Blink Fly rPois rC+ Slay+3}
 15049 | Lair:1   | HP: 8/172 [yak (9)]
 15052 | Lair:1   | HP: 3/172 [poisoned by a cane toad]
 15053 | Lair:1   | Reached skill level 5 in Evocations
 15055 | Lair:1   | Succumbed to a cane toad's poison

Illustrated notes

Levels and vault maps discovered:
D:1:      lightli_arrival_statue_moat, layout_basic,
          shapermc_ecumenical_altar_notcrosses
D:2:      layout_loops_corners, feat_on_display
D:3:      layout_loops_corners, uniq_terence
D:4:      layout_gridville, temple_fountains, gammafunk_ghost_smash,
          hangedman_decor_growths
D:5:      layout_cave_pods
D:6:      layout_cave_pools, uniq_menkaure
D:7:      layout_loops_ring, uniq_joseph
D:8:      layout_basic, hangedman_ru_absence, minmay_lizard_king, uniq_maurice,
          uniq_gastronok, uniq_grum
D:9:      layout_basic, uniq_amaemon
D:10:     layout_loops_ring, erik_lair_island, hiddenorc1_lemuel,
          nrook_mini_vaults, minivault_16, uniq_fannar
D:11:     layout_gridville, serial_shops, nicolae_diamond_shop
Lair:1:   layout_regular_city, grunt_megastairs_2
Orc:1:    layout_caves, nicolae_orc_stony_grotto, nicolae_alphabet_shops,
          uniq_erolcha

Skill      XL: |  1  2  3  4  5  6  7  8  9 10 11 12 |
---------------+-------------------------------------+-----
Fighting       | 4 5 6 7 9 10 12 13 | 13.4
Axes           | 4 5 6 7 9 10 12 13 | 13.4
Armour         | 3 4 5 7 9 10 12 | 12.3
Dodging        | 3 4 5 6 8 9 11 | 11.4
Evocations     | 5 |  5.0

Action                   |  1- 3 |  4- 6 |  7- 9 | 10-12 || total
-------------------------+-------+-------+-------+-------++-------
Melee: Hand axe          |    97 |     7 |       |       ||   104
       Headbutt          |    11 |     8 |    46 |   186 ||   251
       Spear             |       |    59 |   324 |   887 ||  1270
       Punch             |       |       |     4 |    14 ||    18
Invok: Berserk           |     1 |     1 |     6 |    13 ||    21
       Trog's Hand       |     1 |       |     1 |     8 ||    10
Evoke: Wand              |       |       |       |     2 ||     2
  Use: Scroll            |       |       |       |    12 ||    12
 Stab: Sleeping          |     1 |       |       |       ||     1
Armor: Animal skin       |     8 |       |       |       ||     8
       Plate armour      |    40 |    34 |   175 |   185 ||   434
       Leather armour    |       |       |       |    80 ||    80
Dodge: Dodged            |    36 |    20 |    99 |   349 ||   504
